AoeStats
← Barnico

Black Forest

510411639Analyzed
2v2 RM · 2d ago on Sep 30, 2026· 61m 39s· 4 players
Game mode
Random Map
Map size
Medium (4 player)
Population
200
Speed
Normal
Resources
Standard
Victory
Conquest
Starting age
Dark Age
Ending age
Imperial Age
RankedLock teamsTeams togetherTeam positionsShared explorationLock speedFull tech treeHidden civsTurbo modeCheats
Victory
Defeat
🇺🇾 Byzantines · Uruguay
1110
+15
🇺🇾 Wei · Uruguay
1018
+18
🇬🇧 Bohemians · United Kingdom
1084
-17
🇨🇦 Ethiopians · Canada
1067
-16
Gyurkobeats
12:32 Feudal Age
16:24 Castle Age
15:27 Double-Bit Axe
15:41 Gold Mining
17:16 Horse Collar
17:37 Loom
18:24 Bow Saw
18:32 Scale Barding Armor
18:43 Heavy Plow
20:26 Forging
21:31 Gold Shaft Mining
22:25 Bloodlines
24:02 Wheelbarrow
26:07 Town Watch
26:17 Stone Mining
27:06 Chain Barding Armor
28:14 Hand Cart
28:05 Husbandry
32:41 Imperial Age
29:54 Light Cavalry
30:27 Fletching
31:31 Stone Shaft Mining
31:30 Bodkin Arrow
32:42 Thumb Ring
33:15 Iron Casting
34:08 Crop Rotation
33:03 Heavy Hei Guang Cavalry
35:48 Blast Furnace
34:41 Hussar
37:22 Chemistry
37:03 Fortified Wall
38:48 Conscription
39:30 Bracer
41:19 Parthian Tactics
40:56 Padded Archer Armor
41:41 Ballistics
42:02 Leather Archer Armor
44:05 Ring Archer Armor
45:05 Tuntian
45:31 Ming Guang Armor
54:33 Capped Ram
55:39 Siege Ram
NichKing
1:18 Loom
12:47 Feudal Age
13:16 Arson
12:59 Man-at-Arms
13:09 Man-at-Arms
14:14 Double-Bit Axe
16:49 Arson
17:09 Horse Collar
22:43 Castle Age
21:17 Forging
21:57 Stone Mining
23:34 Heavy Plow
23:46 Bow Saw
24:30 Wheelbarrow
25:55 Gold Mining
32:34 Imperial Age
32:35 Fletching
34:39 Two-Man Saw
34:15 Crop Rotation
33:58 Thumb Ring
34:24 Hand Cart
35:56 Gold Shaft Mining
38:18 Conscription
40:23 Elite Cataphract
41:21 Scale Barding Armor
42:18 Iron Casting
41:48 Husbandry
42:42 Chain Barding Armor
45:00 Plate Barding Armor
47:46 Squires
47:18 Elite Skirmisher
49:21 Bodkin Arrow
56:53 Ballistics
57:34 Chemistry
58:13 Bracer
58:13 Padded Archer Armor
58:57 Caravan
GamePal
0:27 Loom
14:12 Feudal Age
14:45 Double-Bit Axe
21:23 Castle Age
19:53 Horse Collar
22:18 Bow Saw
24:03 Fervor
27:58 Town Watch
28:48 Wheelbarrow
28:11 Fletching
29:59 Fishing Lines
30:17 Pikeman
30:58 Squires
35:05 Imperial Age
32:49 Heavy Plow
34:38 Chemistry
33:36 Gillnets
34:06 Bodkin Arrow
34:21 Forging
34:49 Ballistics
35:03 Murder Holes
35:38 Hand Cart
36:26 Conscription
35:38 Halberdier
36:40 Forging
36:57 Scale Mail Armor
37:37 Wagenburg Tactics
37:22 Sappers
40:31 Houfnice
41:32 Chain Mail Armor
41:40 Elite Skirmisher
42:43 Bracer
42:43 Padded Archer Armor
42:49 Scale Barding Armor
45:01 Light Cavalry
45:41 Husbandry
47:19 Iron Casting
47:00 Leather Archer Armor
47:05 Chain Barding Armor
46:46 Crossbowman
49:12 Caravan
50:48 Blast Furnace
57:37 Town Patrol
59:56 Ring Archer Armor
62:12 Hussite Reforms
61:28 Elite Hussite Wagon
Barnico
1:08 Loom
13:48 Feudal Age
14:22 Double-Bit Axe
20:15 Castle Age
18:40 Gold Mining
19:17 Stone Mining
20:46 Scale Mail Armor
20:56 Forging
23:03 Town Watch
23:46 Forging
25:25 Horse Collar
28:23 Wheelbarrow
35:43 Imperial Age
34:39 Padded Archer Armor
34:30 Fletching
36:17 Halberdier
37:01 Squires
38:06 Gold Shaft Mining
38:06 Bow Saw
37:58 Elite Skirmisher
41:57 Leather Archer Armor
41:38 Bodkin Arrow
43:36 Chain Mail Armor
43:56 Iron Casting
46:18 Hand Cart
48:44 Ring Archer Armor
48:14 Bracer
48:12 Crossbowman
48:58 Thumb Ring
50:45 Chemistry
50:07 Ballistics
51:43 Arbalester
Connection lost

Rejoining the realm…

Still unreachable

The connection could not be restored.

Session expired

The server has moved on; the page needs a fresh start.